 Dungeon Crawl Stone Soup version 0.30.0 (webtiles) character file.

Game seed: 3624270097693074188

1569 Dani the Cleaver (level 8, -6/58 HPs)
             Began as a Demonspawn Fighter on May 20, 2023.
             Killed from afar by Maggie (17 damage)
             ... with a bolt of fire
             ... on level 6 of the Dungeon.
             The game lasted 00:08:49 (5440 turns).

Dani the Cleaver (Demonspawn Fighter)               Turns: 5440, Time: 00:08:49

Health: -6/58      AC: 14    Str: 16    XL:     8   Next: 59%
Magic:  8/8        EV:  8    Int: 13    God:
Gold:   358        SH:  4    Dex: 12    Spells: 7/7 levels left

rFire   . . .        a - +1 war axe
rCold   + . .        h - +0 buckler
rNeg    . . .        b - +0 scale mail
rPois   .            k - +2 hat
rElec   .            j - +1 cloak
rCorr   .            (gloves unavailable)
SInv    .            (no boots)
Will    .....        (no amulet) Stlth
                     d - +4 ring of protection
HPRegen 0.29/turn    c - ring of protection from cold
MPRegen 0.11/turn

%: no passive effects
@: mighty
A: claws 3, condensation shield, demonic magic 1
a: no special abilities


You were on level 6 of the Dungeon.
You visited 1 branch of the dungeon, and saw 6 of its levels.

You collected 394 gold pieces.
You spent 36 gold pieces at shops.

Inventory:

Hand Weapons
 a - a +1 war axe (weapon)
Armour
 b - a +0 scale mail (worn)
 h - a +0 buckler (worn)
 j - a +1 cloak (worn)
   (You found it on level 2 of the Dungeon)
 k - a +2 hat (worn)
   (You found it on level 2 of the Dungeon)
Jewellery
 c - a ring of protection from cold (right claw)
   (You found it on level 1 of the Dungeon)
 d - a +4 ring of protection (left claw)
   (You found it on level 4 of the Dungeon)
 f - a ring of fire
   (You found it on level 1 of the Dungeon)
 s - a ring of see invisible
   (You found it on level 1 of the Dungeon)
Scrolls
 l - a scroll of acquirement {unknown}
 B - 2 scrolls of blinking
 R - 4 scrolls of identify {@r1}
 T - 2 scrolls of teleportation
Potions
 e - 2 potions of degeneration {unknown}
 i - 2 potions of heal wounds {unknown}
 m - a potion of berserk rage {unknown}
 r - a potion of brilliance {unknown}


   Skills:
 - Level 3.0 Fighting
 + Level 10.1 Axes
 - Level 2.6 Armour
 - Level 2.6 Shields


You had 7 spell levels left.
You didn't know any spells.
Your spell library contained the following spells:

 Spells                   Type           Power      Damage    Failure   Level
 Alistair's Intoxication  Tmut/Pois      0%         N/A       100%        5
 Borgnjor's Vile Clutch   Necr/Erth      0%         N/A       100%        5
 Eringya's Noxious Bog    Tmut/Pois      0%         N/A       100%        6


Dungeon Overview and Level Annotations

Branches:
Dungeon (6/15)
 Temple: D:4-7

Altars:
Cheibriados
Fedhas
Yredelemnul

Shops:
D:1 !

Annotations:
D:6 Maggie


Innate Abilities, Weirdness & Mutations

You have claws for hands.
A meltable shield of frost defends you. (SH +0)
Spells you cast may paralyse adjacent enemies.


Message History

You hit the sleepcap.
The sleepcap is almost destroyed.
The sleepcap releases spores at you but does no damage.
Unknown command.
You hit the sleepcap.
You destroy the sleepcap!
Unknown command.
No target in view!
Unknown command.
No target in view!
Unknown command.
No target in view!
You now have 358 gold pieces (gained 5).
Key pressed, stopping explore.
Maggie the Vainglorious comes into view.
She is wielding a +1 broad axe of flaming and carrying a wand of roots (8).
Found 7 stones.
Maggie shouts!
You see here 23 gold pieces.
Maggie is nearby!
Maggie is nearby!
Maggie is nearby!
Unknown command.
You aren't carrying any items that you can evoke.
You feel very mighty all of a sudden.
A white imp comes into view.
A hound comes into view.
The hound barks!
Maggie zaps a wand.
The roots erupt in riotous growth!
The grasping roots grab you! The grasping roots constrict you.
You escape the roots grasp.
Maggie hits you but does no damage.
You completely miss Maggie. You slash the white imp! You slash the hound!
Maggie zaps a wand.
The roots erupt in riotous growth!
The grasping roots grab you!
Maggie is unaffected.
The white imp is unaffected.
The hound is unaffected.
The grasping roots constrict you! You block the white imp's attack.
You block the hound's attack.
You slice the white imp!!
You kill the white imp!
You closely miss Maggie. You hit the hound. The hound barely misses you.
Maggie hits you with a +1 broad axe of flaming!
* * * LOW HITPOINT WARNING * * *
Your condensation shield dissipates!
Maggie burns you!
* * * LOW HITPOINT WARNING * * *
The grasping roots constrict you.
* * * LOW HITPOINT WARNING * * *
A bullfrog comes into view.
The hound barely misses you.
You miss the hound.
The hound is almost dead.
You hit Maggie.
Maggie mumbles some strange words.
Maggie attempts to bespell you!
You easily resist.
The grasping roots constrict you.
* * * LOW HITPOINT WARNING * * *
The hound bites you but does no damage.
The grasping roots release their grip on you.
You barely miss the hound.
The hound is almost dead.
You slash Maggie! The hound barely misses you.
Maggie hits you with a +1 broad axe of flaming!
* * * LOW HITPOINT WARNING * * *
Maggie burns you.
* * * LOW HITPOINT WARNING * * *
The hound barely misses you.
Unknown command.
You are too injured to fight recklessly!
You are too injured to fight recklessly!
You are too injured to fight recklessly!
You are too injured to fight recklessly!
You barely miss Maggie.
Maggie is moderately wounded.
You slash the hound!
You kill the hound!
Maggie hits you but does no damage.
You slash Maggie!
Maggie is heavily wounded.
Maggie barely misses you.
You barely miss Maggie.
Maggie is heavily wounded.
You barely miss the bullfrog.
The bullfrog snags a nearby mosquito with its tongue.
You block the bullfrog's attack.
Maggie hits you with a +1 broad axe of flaming.
* * * LOW HITPOINT WARNING * * *
Maggie burns you.
* * * LOW HITPOINT WARNING * * *
The bullfrog barely misses you.
You slash Maggie!
Maggie is severely wounded.
You slash the bullfrog! Maggie hits you but does no damage.
The bullfrog hits you but does no damage.
You hit Maggie but do no damage.
Maggie is severely wounded.
You slash the bullfrog!
You kill the bullfrog!
Maggie points at you and mumbles some strange words.
The bolt of fire hits you!
You die...

########## #........#
#........# #........#
##########.......######
.......@..$...........#
....!.@†..............#
...(..................#
......................#
..................(...#
......................#
......................#
......................#
.>[............#


You could see Maggie.

Vanquished Creatures
  A water moccasin (D:5)
  An ice beast (D:5)
  A black bear (D:6)
  3 ogres
  3 phantoms
  A bullfrog (D:6)
  3 scorpions
  A hound (D:6)
  2 jellies (D:4)
  An orc priest (D:4)
  2 gnoll boudas
  An orc wizard (D:4)
  A sleepcap (D:6)
  2 iguanas
  6 adders
  15 gnolls
  A shadow imp (D:5)
  2 white imps
  An ufetubus (D:4)
  2 worms
  2 dart slugs
  7 orcs
  6 ball pythons
  7 endoplasms
  5 giant cockroaches
  5 goblins
  14 hobgoblins
  14 jackals
  2 kobolds
  4 quokkas
  13 bats
  A frilled lizard (D:3)
  10 rats
140 creatures vanquished.

Vanquished Creatures (others)
  2 demonic plants (D:2)
  A fungus (D:2)
  A plant (D:2)
  4 withered plants (D:2)
8 creatures vanquished.

Grand Total: 148 creatures vanquished

Notes
Turn   | Place    | Note
-------+----------+-------------------------------------------
     0 | D:1      | Dani the Demonspawn Fighter began the quest for the Orb.
     0 | D:1      | Reached XP level 1. HP: 18/18 MP: 1/1
    60 | D:1      | Reached skill level 2 in Axes
   133 | D:1      | Gained mutation: A meltable shield of frost defends you.
                  | (SH +0) [demonic ancestry]
   133 | D:1      | Reached XP level 2. HP: 20/24 MP: 2/2
   480 | D:1      | Reached skill level 3 in Axes
   628 | D:1      | Found Lekhli Laosi's Distillery.
   636 | D:1      | Bought a potion of curing for 36 gold pieces
   662 | D:1      | HP: 5/24 [gnoll/+0 whip (4)]
   666 | D:1      | Gained mutation: Spells you cast may paralyse adjacent
                  | enemies. [demonic ancestry]
   666 | D:1      | Reached XP level 3. HP: 7/29 MP: 3/3
  1126 | D:2      | Found a faded altar of an unknown god.
  1666 | D:2      | Gained mutation: You have sharp fingernails. [demonic
                  | ancestry]
  1666 | D:2      | Reached XP level 4. HP: 34/35 MP: 4/4
  1673 | D:2      | Reached skill level 4 in Axes
  2455 | D:4      | Noticed a scorpion
  2606 | D:3      | Reached XP level 5. HP: 38/41 MP: 5/5
  2618 | D:3      | HP: 10/41 [poisoned by a scorpion]
  2624 | D:3      | Reached skill level 5 in Axes
  2749 | D:3      | HP: 5/41 [gnoll bouda/+0 club (6)]
  2753 | D:3      | HP: 2/41 [gnoll bouda/+0 club (3)]
  2924 | D:4      | Noticed an ogre
  2936 | D:4      | Killed an ogre
  2937 | D:4      | Reached skill level 6 in Axes
  2937 | D:4      | Gained mutation: You have very sharp fingernails. [demonic
                  | ancestry]
  2937 | D:4      | Reached XP level 6. HP: 26/47 MP: 6/6
  3431 | D:4      | Reached skill level 7 in Axes
  3700 | D:5      | Entered Level 5 of the Dungeon
  3712 | D:5      | Reached XP level 7. HP: 52/52 MP: 7/7
  3712 | D:5      | Found a basalt altar of Yredelemnul.
  3749 | D:5      | HP: 6/52 [ogre/+0 giant spiked club (23)]
  4012 | D:5      | Reached skill level 8 in Axes
  4250 | D:5      | Found a blossoming altar of Fedhas.
  4492 | D:5      | Gained mutation: You have claws for hands. [demonic
                  | ancestry]
  4492 | D:5      | Reached XP level 8. HP: 58/58 MP: 8/8
  4494 | D:5      | Reached skill level 9 in Axes
  4795 | D:5      | Found a snail-covered altar of Cheibriados.
  5284 | D:6      | Reached skill level 10 in Axes
  5427 | D:6      | Noticed Maggie
  5435 | D:6      | HP: 12/58 [Maggie/+1 broad axe of flaming (4)]
  5440 | D:6      | Killed from afar by Maggie

Illustrated notes

Levels and vault maps discovered:
D:1:      erik_arrival_cave_to_civilisation [erik_arrival_cave_to_hall],
          layout_basic, serial_shops, nicolae_shop_peninsula
D:2:      layout_loops_cross, shapermc_ecumenical_altar_gd, minmay_tetromino_s4
D:3:      layout_rooms, due_unseen_surprise
D:4:      layout_rooms
D:5:      layout_basic, mainiacjoe_overflow_surrounded_room,
          mainiacjoe_overflow_tiny_flanked, mainiacjoe_overflow_alcove_4,
          mainiacjoe_overflow_chevrons
D:6:      black_bear_nest_1, layout_basic, uniq_maggie

Skill      XL: |  1  2  3  4  5  6  7  8 |
---------------+-------------------------+-----
Axes           | 2 3 4 6 7 8 10 | 10.1
Fighting       | |  3.0
Armour         | |  2.6
Shields        | |  2.6

Action                     |  1- 3 |  4- 6 |  7- 9 || total
---------------------------+-------+-------+-------++-------
  Melee: War axe           |   130 |   215 |   159 ||   504
  Throw: Throwing net      |       |     1 |       ||     1
    Use: Scroll            |     4 |     6 |     1 ||    11
         Potion            |       |     3 |     1 ||     4
 Armour: Scale mail        |    59 |   111 |    76 ||   246
  Dodge: Dodged            |    50 |    95 |    64 ||   209
  Block: Buckler           |    61 |   102 |    77 ||   240

Levels and vault maps discovered:
D:1:      erik_arrival_cave_to_civilisation [erik_arrival_cave_to_hall],
          layout_basic, serial_shops, nicolae_shop_peninsula
D:2:      layout_loops_cross, shapermc_ecumenical_altar_gd, minmay_tetromino_s4
D:3:      layout_rooms, due_unseen_surprise
D:4:      layout_rooms
D:5:      layout_basic, mainiacjoe_overflow_surrounded_room,
          mainiacjoe_overflow_tiny_flanked, mainiacjoe_overflow_alcove_4,
          mainiacjoe_overflow_chevrons
D:6:      black_bear_nest_1, layout_basic, uniq_maggie

Table legend: (Time is in decaauts)
 A = Elapsed time spent in this place.
 B = Non-inter-level travel time spent in this place.
 C = Inter-level travel time spent in this place.
 D = Time resting spent in this place.
 E = Time spent auto-exploring this place.
 F = Levels seen in this place.
 G = Mean time per level.
                   A        B        C        D        E       F      G
               +--------+--------+--------+--------+--------+-----+--------+
         Total |   5573 |   5361 |    212 |    103 |   4166 |   6 |  928.8 |
       Dungeon |   5573 |   5361 |    212 |    103 |   4166 |   6 |  928.8 |
               +--------+--------+--------+--------+--------+-----+--------+

Top non-repeatable levels by time:
     D:5: 1231 daAuts
     D:1: 1117 daAuts
     D:3: 1076 daAuts
     D:4: 920 daAuts
     D:2: 778 daAuts
     D:6: 449 daAuts

Table legend:
 A = Kills in this place as a percentage of kills in the entire game.
 B = Kills by you in this place as a percentage of kills by you in the entire game.
 C = Kills by friends in this place as a percentage of kills by friends in the entire game.
 D = Other kills in this place as a percentage of other kills in the entire game.
 E = Experience gained in this place as a percentage of experience gained in the entire game.
 F = Experience gained in this place divided by the number of levels of this place that you have seen.
                   A       B       C       D       E      F
               +-------+-------+-------+-------+-------+----------------------
         Total | 100.0 | 100.0 |   N/A |   N/A | 100.0 | 388.7
       Dungeon | 100.0 | 100.0 |   N/A |   N/A | 100.0 | 388.7
               +-------+-------+-------+-------+-------+----------------------
